 Dungeon Crawl Stone Soup version 0.19-a0-1682-g5114f93 (webtiles) character file.

1004 graymark the Shield-Bearer (level 8, -8/64 HPs)
             Began as a Formicid Fighter on Sept 24, 2016.
             Was an Initiate of Makhleb.
             Killed from afar by Dowan (20 damage)
             ... with a shard of ice
             ... on level 4 of the Dungeon.
             The game lasted 00:08:23 (3382 turns).

graymark the Shield-Bearer (Formicid Fighter)       Turns: 3382, Time: 00:08:24

Health: -8/64      AC: 11    Str: 24    XL:     8   Next: 43%
Magic:  17/17      EV:  9    Int:  7    God:    Makhleb [......]
Gold:   185        SH: 11    Dex: 10    Spells: 0 memorised, 7 levels left

rFire  . . .     SeeInvis +     a - +0 war axe
rCold  . . .     Gourm    .     b - +0 scale mail
rNeg   . . .     Faith    .     c - +0 shield
rPois  .         Spirit   .     (helmet unavailable)
rElec  .         Dismiss  .     s - +0 cloak
rCorr  .         Reflect  .     k - +0 pair of gloves
MR     .....     Harm     .     (no boots)
Stlth  .......... Clarity  +    (no amulet)
                                (no ring)
                                g - ring of magical power

@: no status effects
A: permanent stasis, dig shafts and tunnels, four strong arms, antennae 3,
clarity
a: Dig, Shaft Self, Renounce Religion


You were on level 4 of the Dungeon.
You worshipped Makhleb.
Makhleb was noncommittal.
You were hungry.

You visited 2 branches of the dungeon, and saw 5 of its levels.

You collected 185 gold pieces.

Inventory:

Hand Weapons
 a - a +0 war axe (weapon)
Missiles
 v - 5 javelins (quivered)
Armour
 b - a +0 scale mail (worn)
 c - a +0 shield (worn)
 k - a +0 pair of gloves (worn)
 s - a +0 cloak (worn)
 u - a +2 chain mail of poison resistance
Jewellery
 g - a ring of magical power (left hand)
 l - an uncursed ring of flight
 q - an uncursed ring of teleportation
 y - an uncursed ring of resist corrosion {unknown}
Wands
 e - a wand of random effects (31/48)
Scrolls
 m - a scroll of teleportation {unknown}
 p - 2 scrolls of noise
 r - a scroll of amnesia
 w - a scroll of fear {unknown}
Potions
 d - a potion of might
 i - 2 potions of magic
 n - a potion of brilliance {unknown}
 o - a potion of curing {unknown}
 t - a potion of flight {unknown}
 z - a potion of degeneration {unknown}
Comestibles
 f - 4 bread rations
 h - a chunk of flesh
 j - a meat ration
 x - a beef jerky


   Skills:
 + Level 6.0 Fighting
 + Level 5.0 Axes
 + Level 5.9 Armour
 + Level 6.6 Shields


You had 7 spell levels left.
You didn't know any spells.

Dungeon Overview and Level Annotations

Branches:
Dungeon (4/15)             Temple (1/1) D:4

Altars:
Ashenzari
Cheibriados
Dithmenos
Elyvilon
Fedhas
Gozag
Hepliaklqana
Kikubaaqudgha
Makhleb
Nemelex Xobeh
Okawaru
Qazlal
Ru
Sif Muna
Trog
Uskayaw
Vehumet
Xom
Yredelemnul
Zin
The Shining One

Annotations:
D:4 Dowan


Innate Abilities, Weirdness & Mutations

You are under a permanent stasis effect.
You can dig through walls and to a lower floor.
Your four strong arms can wield two-handed weapons with a shield.
You have a pair of large antennae on your head. (SInv)
You possess an exceptional clarity of mind.


Message History

Dowan gestures at you while chanting. The stone arrow hits you!
* * * LOW HITPOINT WARNING * * *
You block Dowan's attack.
Unknown command.
You slash Dowan!
Dowan is heavily wounded.
Dowan hits you but does no damage. x2
You slash Dowan!
Dowan is almost dead.
Dowan hits you but does no damage. x2
You barely miss Dowan.
Dowan is almost dead.
Dowan gestures wildly while chanting.
Dowan blinks!
Dowan casts a spell at you. You block the shard of ice.
Dowan points at you and mumbles some strange words.
The shard of ice hits you!
You die...

#..####=........# ##..##
##..#...........# #.....
##.............# ##.....
##............## #......
##.............# #......
#(............## ##......
#.............# #.......
##............# #.......
###....@....## ##.......
###).###### #........ ##.##
#........ ###..######
##....... #.........##
#>...... ##..e.......#
##......
#######...........##
##.....
######..................##
##....
.........................##
##...


You could see Dowan.

Vanquished Creatures
  Grinder (D:4)
  The ghost of Bronet the Insei, an amateur OpTm (D:3)
  Sigmund (D:4)
  Duvessa (D:4)
  An ogre (D:3)
  A scorpion (D:3)
  A howler monkey (D:3)
  Terence (D:2)
  2 hound skeletons (D:4)
  A gnoll (D:1)
  7 adders (D:3)
  An ooze (D:3)
  2 dart slugs
  2 leopard geckos
  An orc (D:3)
  6 giant cockroaches
  10 goblins
  6 hobgoblins
  3 ball pythons
  8 bats
  A frilled lizard (D:2)
  4 kobolds
  A leopard gecko skeleton (D:4)
  5 rats
68 creatures vanquished.

Notes
Turn   | Place    | Note
-------+----------+-------------------------------------------
     0 | D:1      | graymark the Formicid Fighter began the quest for the Orb.
     0 | D:1      | Reached XP level 1. HP: 18/18 MP: 1/1
   221 | D:1      | Reached XP level 2. HP: 24/24 MP: 2/2
   414 | D:1      | Reached XP level 3. HP: 30/30 MP: 3/3
   958 | D:2      | Noticed Terence
   971 | D:2      | Killed Terence
   971 | D:2      | Reached XP level 4. HP: 32/37 MP: 4/4
  1462 | D:3      | Noticed Bronet's ghost (amateur OpTm)
  1490 | D:3      | Killed Bronet's ghost
  1490 | D:3      | Reached XP level 5. HP: 17/43 MP: 5/5
  1490 | D:3      | Reached XP level 6. HP: 20/49 MP: 6/6
  1684 | D:3      | Reached skill level 5 in Shields
  2033 | D:3      | Reached XP level 7. HP: 55/55 MP: 7/7
  2041 | D:3      | Reached skill level 5 in Fighting
  2271 | D:4      | Noticed Sigmund
  2323 | D:3      | Gained mutation: You possess an exceptional clarity of mind. [potion of beneficial mutation]
  2329 | D:3      | Reached skill level 5 in Armour
  2602 | D:4      | Killed Sigmund
  2821 | D:4      | Found a staircase to the Ecumenical Temple.
  2845 | Temple   | Entered the Ecumenical Temple
  3012 | Temple   | Became a worshipper of Makhleb the Destroyer
  3172 | D:4      | Noticed Grinder
  3186 | D:4      | Killed Grinder
  3186 | D:4      | Reached XP level 8. HP: 34/64 MP: 8/8
  3338 | D:4      | Noticed Duvessa
  3340 | D:4      | Noticed Dowan
  3374 | D:4      | Killed Duvessa
  3374 | D:4      | Reached skill level 5 in Axes
  3382 | D:4      | Killed from afar by Dowan

Vault maps used:
D:1:      sevenhm_arrival_forest_fort_large_2, st_stairs_1,
          kennysheep_crisscross, minmay_pentomino_x2
D:2:      serial_bayou_lake_a, uniq_terence
D:3:      serial_bayou_lagoon_a
D:4:      first_bread, hangedman_decor_clover_reticule, uniq_duvessa,
          uniq_sigmund, uniq_grinder
Temple:   kilobyte_greek_temple

Skill      XL: |  1  2  3  4  5  6  7  8 |
---------------+-------------------------+-----
Shields        | 4 5 6 |  6.6
Fighting       | 4 5 6 |  6.0
Armour         | 4 5 |  5.9
Axes           | 3 4 5 |  5.0

Action                   |  1- 3 |  4- 6 |  7- 9 || total
-------------------------+-------+-------+-------++-------
Melee: War axe           |   103 |   110 |    79 ||   292
Throw: Javelin           |       |     3 |       ||     3
  Use: Scroll            |     2 |     2 |       ||     4
       Potion            |       |       |     3 ||     3
  Eat: Chunk             |       |     1 |     1 ||     2
       Bread ration      |       |     1 |       ||     1
       Pizza             |       |       |     1 ||     1
Armor: Scale mail        |    56 |    57 |    39 ||   152
Dodge: Dodged            |    40 |    51 |    29 ||   120
Block: Shield            |    68 |    87 |    44 ||   199
